 Dungeon Crawl Stone Soup version 0.18.1-2-ga659475 (webtiles) character file.

125 Alarkh the Poker (level 4, -10/33 HPs)
             Began as a Mummy Skald on May 8, 2016.
             Killed by divine providence
             ... invoked by an orc priest
              (12 damage)
             ... on level 2 of the Dungeon.
             The game lasted 00:02:26 (1915 turns).

Alarkh the Poker (Mummy Skald)                      Turns: 1915, Time: 00:02:27

Health: -10/33     AC:  3    Str: 15    XL:     4   Next: 82%
Magic:  7/7        EV: 11    Int: 12    God:
Gold:   101        SH:  3    Dex: 11    Spells: 3 memorised, 2 levels left

rFire  . . .     SeeInvis .     a - +0 spear
rCold  . . .     Gourm    .     b - +0 leather armour
rNeg   + + +     Faith    .     (no shield)
rPois  ∞         Spirit   .     (no helmet)
rElec  .         Dismiss  .     (no cloak)
rCorr  .         Reflect  +     (no gloves)
SustAt .         Harm     .     (no boots)
MR     .....                    i - +3 amulet of reflection
Stlth  +.........               (no ring)
                                d - ring of fire

@: not resistant to hostile enchantments, very unstealthy
A: no food or potions, fire vulnerability, cold resistance 1, negative energy
resistance 3, torment resistance, unbreathing
a: no special abilities


You were on level 2 of the Dungeon.
You were not hungry.

You visited 1 branch of the dungeon, and saw 3 of its levels.

You collected 101 gold pieces.

Inventory:

Hand Weapons
 a - a +0 spear (weapon)
Armour
 b - a +0 leather armour (worn)
Jewellery
 d - a ring of fire (left hand)
 g - an uncursed amulet of magic regeneration {unknown}
 i - a +3 amulet of reflection (around neck)
Scrolls
 e - a scroll of recharging
 f - 2 scrolls of noise
 h - a scroll of random uselessness
Books
 c - a book of Battle

   Spells                             Type                      Level
   a - Infusion                       Charms                       1
   b - Shroud of Golubria             Charms/Translocation         2
   c - Song of Slaying                Charms                       2
   d - Spectral Weapon                Hexes/Charms                 3
   e - Regeneration                   Charms/Necromancy            3


   Skills:
 - Level 2.0 Fighting
 + Level 4.2 Polearms
 - Level 0.7 Armour
 - Level 0.7 Dodging
 - Level 2.0 Spellcasting
 - Level 2.4 Charms


You had 2 spell levels left.
You knew the following spells:

 Your Spells              Type           Power        Failure   Level  Hunger
a - Infusion              Chrm           #...         14%         1    N/A
b - Song of Slaying       Chrm           #.......     21%         2    N/A
c - Shroud of Golubria    Chrm/Tloc      #.........   34%         2    N/A

Dungeon Overview and Level Annotations

Branches:
Dungeon (3/15)

Altars:
Dithmenos


Innate Abilities, Weirdness & Mutations

You do not eat or drink.
Your flesh is vulnerable to fire.
You are immune to poison.
Your flesh is cold resistant.
You are immune to negative energy.
You are immune to unholy pain and torment.
You can survive without breathing.


Message History

You are no longer magically infusing your attacks.
You start resting.
HP restored.
You start resting.
Magic restored.
You open the door.
An orc wizard comes into view. It is wielding a dagger.
The orc priest shouts!
An orc priest comes into view. It is wielding a war axe.
The orc priest shouts!
The orc priest mumbles some strange prayers to Beogh against you.
Beogh smites you!
There is an open door, spattered with blood here.
The orc priest invokes the aid of Beogh against you.
Beogh smites you!
* * * LOW HITPOINT WARNING * * *
The giant cockroach waves its antennae.
The orc priest invokes the aid of Beogh against you.
Beogh smites you!
You die...

.#.# #.......# ... ##.##
#####.### #.# #...# #.#.. ##'##
#...# #.#.# ##...## #...# #....
##.....## #...# ###.# #
##.......## ##.#.# #..
####.....(...####....##########..
...'.......s)'..@)...............
####.........####....##########..
# ##....oo.## ##.#.# ##.
##.†...## ###.# ## ###...#### #.#
# #...o....# #.# # #.##.###.# #.#
# #.##.# #.# #.# # #....###.# #.#
#


You could see an orc priest and a giant cockroach.

Vanquished Creatures
  Jessica (D:2)
  Terence (D:2)
  An adder (D:2)
  3 oozes
  2 worms (D:2)
  3 dart slugs
  2 giant geckos
  An orc (D:2)
  2 bats (D:1)
  A giant cockroach (D:1)
  8 goblins
  5 hobgoblins
  A quokka (D:2)
  3 giant newts
  4 kobolds
  5 rats
43 creatures vanquished.

Notes
Turn   | Place    | Note
--------------------------------------------------------------
     0 | D:1      | Alarkh the Mummy Skald began the quest for the Orb.
     0 | D:1      | Reached XP level 1. HP: 16/16 MP: 3/3
    42 | D:1      | Reached skill level 2 in Polearms
    84 | D:1      | Reached XP level 2. HP: 22/22 MP: 1/5
   325 | D:1      | Learned a level 2 spell: Song of Slaying
   328 | D:1      | Learned a level 2 spell: Shroud of Golubria
   670 | D:1      | Reached XP level 3. HP: 19/27 MP: 0/6
   697 | D:2      | Reached skill level 3 in Polearms
   907 | D:2      | Noticed Terence
  1137 | D:2      | Found a shadowy altar of Dithmenos.
  1345 | D:2      | Killed Terence
  1345 | D:2      | Reached XP level 4. HP: 19/33 MP: 1/7
  1828 | D:2      | Noticed Jessica
  1844 | D:2      | Killed Jessica
  1844 | D:2      | Reached skill level 4 in Polearms
  1915 | D:2      | Killed from afar by an orc priest

Skill      XL: |  1  2  3  4 |
---------------+-------------+-----
Polearms       | 2 3 4 |  4.2
Fighting       | |  2.0
Armour         | |  0.7
Dodging        | |  0.7
Spellcasting   | |  2.0
Charms         | |  2.4

Action                   |  1- 3 |  4- 6 || total
-------------------------+-------+-------++-------
Melee: Spear             |   125 |    32 ||   157
 Cast: Infusion          |    18 |     8 ||    26
  Use: Scroll            |       |     3 ||     3
Armor: Leather armour    |    10 |     2 ||    12
Dodge: Dodged            |    53 |     6 ||    59
